 Dungeon Crawl Stone Soup version 0.28.0-45-g0d030f2227 (webtiles) character file.

Game seed: 13899765645873975122

973 Zeld the Chiller (level 8, -2/60 HPs)
             Began as a Merfolk Ice Elementalist on Apr 12, 2022.
             Was an Initiate of Vehumet.
             Killed from afar by an orc wizard (6 damage)
             ... with a magic dart
             ... on level 6 of the Dungeon.
             The game lasted 00:07:24 (7143 turns).

Zeld the Chiller (Merfolk Ice Elementalist)         Turns: 7143, Time: 00:07:24

Health: -2/60      AC:  3    Str:  8    XL:     8   Next: 16%
Magic:  10/13      EV: 14    Int: 16    God:    Vehumet [......]
Gold:   131        SH:  0    Dex: 15    Spells: 3/14 levels left

rFire   . . .      SeeInvis .   (no weapon)
rCold   . . .      Faith    .   (no shield)
rNeg    . . .      Spirit   .   a - +0 robe
rPois   .          Reflect  .   o - +0 helmet
rElec   .          Harm     .   (no cloak)
rCorr   +          Rampage  .   (no gloves)
Will    .....                   (no boots)
Stlth   +++.......              (no amulet)
HPRegen 0.20/turn               k - ring of resist corrosion
MPRegen 0.13/turn               (no ring)

@: freezing walls
A: (nimble swimmer 2), mertail
a: Renounce Religion


You were on level 6 of the Dungeon.
You worshipped Vehumet.
Vehumet was noncommittal.
You visited 2 branches of the dungeon, and saw 7 of its levels.
You also visited: Sewer.

You collected 212 gold pieces.
You spent 81 gold pieces at shops.

Inventory:

Armour
 a - a +0 robe (worn)
 o - a +0 helmet (worn)
Jewellery
 k - a ring of resist corrosion (left hand)
Wands
 m - a wand of charming (5)
 v - a wand of flame (9)
 A - a wand of iceblast (9)
Scrolls
 b - 5 scrolls of teleportation {unknown}
 d - 2 scrolls of amnesia {unknown}
 g - 2 scrolls of fear {unknown}
 h - a scroll of blinking {unknown}
 i - 2 scrolls of enchant weapon {unknown}
 l - 2 scrolls of fog {unknown}
 p - a scroll of magic mapping {unknown}
 q - 2 scrolls of enchant armour {unknown}
 t - a scroll of torment {unknown}
 u - a scroll of summoning {unknown}
 y - a scroll of immolation {unknown}
 z - 3 scrolls of identify {unknown}
Potions
 c - 3 potions of flight {unknown}
 e - 2 potions of resistance {unknown}
 f - 2 potions of might {unknown}
 j - a potion of lignification {unknown}
 n - a potion of heal wounds {unknown}
 r - 2 potions of brilliance {unknown}
 s - 2 potions of curing {unknown}
 w - a potion of cancellation {unknown}
 x - a potion of degeneration {unknown}


   Skills:
 + Level 3.8 Fighting
 + Level 5.4 Dodging
 - Level 4.0 Stealth
 + Level 3.8 Spellcasting
 + Level 1.5 Conjurations
 * Level 7.3 Ice Magic


You had 3 spell levels left.
You knew the following spells:

 Your Spells              Type           Power      Damage    Failure   Level
a - Freeze                Ice            100%       1d11      1%          1
b - Frozen Ramparts       Ice            52%        1d7       2%          3
c - Ozocubu's Armour      Ice            26%        N/A       2%          3
d - Hailstorm             Conj/Ice       17%        3d6       26%         4

Your spell library contained the following spells:

 Spells                   Type           Power      Damage    Failure   Level
 Summon Small Mammal      Summ           12%        N/A       17%         1
 Corpse Rot               Necr/Air       6%         N/A       26%         2
 Poisonous Vapours        Pois/Air       6%         N/A       26%         2
 Call Canine Familiar     Summ           3%         N/A       45%         3
 Summon Guardian Golem    Hex/Summ       3%         N/A       45%         3


Dungeon Overview and Level Annotations

Branches:
Dungeon (6/15)             Temple (1/1) D:5           Sewer (visited)

Altars:
Ashenzari
Cheibriados
Dithmenos
Elyvilon
Fedhas
Gozag
Hepliaklqana
Kikubaaqudgha
Makhleb
Okawaru
Qazlal
Ru
Sif Muna
Trog
Uskayaw
Vehumet
Wu Jian
Xom
Yredelemnul
Zin
The Shining One

Shops:
D:5 =*

Annotations:
D:5 Grinder


Innate Abilities, Weirdness & Mutations

((You are very nimble when in or above water. (Stealth+, EV+, Speed+++)))
Your lower body shifts to a powerful aquatic tail in water.


Message History

There are monsters nearby!
Found a shadowy altar of Dithmenos.
Found a scroll labelled ONIUGI RIUMPOYXU.
z - 3 scrolls labelled ONIUGI RIUMPOYXU (gained 1)
An orc wizard and an orc come into view.
The orc shouts!
An orc wizard comes into view. It is wielding a +0 dagger.
Found 17 gold pieces.
The orc wizard shouts!
Found a book of Party Tricks.
The centaur shouts!
The centaur wields a +0 shortbow.
The centaur shoots an arrow.
The arrow hits you!
The centaur shouts!
The centaur wields a +0 shortbow.
The centaur shoots an arrow.
The arrow hits you!
The centaur shoots an arrow.
The arrow hits you! The orc wizard casts a spell at you.
The puff of flame misses you.
The centaur shoots an arrow.
The arrow barely misses you.
The centaur shoots an arrow.
The arrow hits you!
You hear a shout!
The centaur shoots an arrow.
The arrow closely misses you.
The centaur shoots an arrow.
The arrow hits you!
* * * LOW HITPOINT WARNING * * *
Unknown command.
You start resting.
There are monsters nearby!
There are monsters nearby!
Casting: Freeze (safe; 1% risk of failure)
Confirm with . or Enter, or press ? or * to list all spells.
Casting: Frozen Ramparts (dangerous; 2% risk of failure)
Press: ? - help, Dir - look around, f - activate The walls around you are covered in ice.
The wall freezes the orc wizard.
The orc wizard casts a spell at you. The puff of flame hits you!
* * * LOW HITPOINT WARNING * * *
The wall freezes the orc wizard!
The orc wizard points at you and mumbles some strange words.
The magic dart hits you.
You die...

........# ##.## #..
........###...## ##....
........##.....##.....
....##..#.......#....
#..........._........
###.....#.......#...
##...###.....##.#
#...#.##...##.#
##..#..##.##.@#
##.#........##
#≈≈≈≈≈≈....oo##
≈≈≈≈≈≈≈≈≈≈≈...o.#
≈≈≈≈≈≈..≈≈≈≈≈.#........
≈≈≈.####.≈≈≈≈≈≈...oo...
≈≈.# #.≈≈≈≈≈≈≈.......
≈.. #c≈≈≈≈≈≈≈≈≈....: ≈.
#c.≈≈≈≈≈≈≈≈≈.##.


You could see 2 orc wizards and an orc.

Vanquished Creatures
  A sky beast (D:5)
  2 necrophages
  An ogre (D:5)
  A centaur (D:5)
  2 bullfrogs (D:6)
  A scorpion (D:5)
  A centaur zombie (D:6)
  3 hounds
  2 iguanas
  A hell rat (Sewer)
  A hound skeleton (D:5)
  3 adders
  A gnoll (D:4)
  4 river rats
  3 worms
  A dart slug (D:3)
  4 endoplasms
  2 giant cockroaches
  3 goblins
  7 hobgoblins
  2 jackals (D:1)
  14 kobolds
  6 quokkas
  5 bats
  3 frilled lizards (D:2)
  18 rats
  A butterfly (D:5)
93 creatures vanquished.

Vanquished Creatures (others)
  3 plants (D:1)
3 creatures vanquished.

Grand Total: 96 creatures vanquished

Notes
Turn   | Place    | Note
-------+----------+-------------------------------------------
     0 | D:1      | Zeld the Merfolk Ice Elementalist began the quest for the
                  | Orb.
     0 | D:1      | Reached XP level 1. HP: 13/13 MP: 3/3
   243 | D:1      | Reached XP level 2. HP: 10/20 MP: 0/5
   955 | D:1      | Found a faded altar of an unknown god.
  1091 | D:1      | Reached XP level 3. HP: 22/25 MP: 1/6
  1113 | D:1      | Reached skill level 1 in Fighting
  1117 | D:1      | Learned a level 3 spell: Frozen Ramparts
  1673 | D:2      | Found an iron altar of Okawaru.
  2402 | D:2      | Reached skill level 5 in Ice Magic
  2536 | D:2      | Reached XP level 4. HP: 27/32 MP: 3/7
  2747 | D:3      | Found a broken altar of Ashenzari.
  2812 | D:3      | Found an opulent altar of Gozag.
  2857 | D:3      | Learned a level 3 spell: Ozocubu's Armour
  2861 | D:3      | Found a glowing drain.
  2929 | Sewer    | Entered a sewer
  2969 | Sewer    | Reached XP level 5. HP: 32/38 MP: 4/8
  4639 | D:4      | Reached XP level 6. HP: 45/45 MP: 3/10
  4856 | D:4      | Found a blossoming altar of Fedhas.
  4997 | D:5      | Entered Level 5 of the Dungeon
  4997 | D:5      | Found a basalt altar of Yredelemnul.
  4997 | D:5      | Found a staircase to the Ecumenical Temple.
  5058 | Temple   | Entered the Ecumenical Temple
  5134 | Temple   | Became a worshipper of Vehumet
  5315 | D:5      | Noticed a sky beast
  5319 | D:5      | Killed a sky beast
  5320 | D:5      | Reached skill level 6 in Ice Magic
  5519 | D:5      | Reached XP level 7. HP: 43/52 MP: 5/11
  5524 | D:5      | Learned a level 4 spell: Hailstorm
  5605 | D:5      | Found a burning altar of Makhleb.
  5708 | D:5      | Noticed Grinder
  6312 | D:5      | Found Vetauraath's Assorted Antiques.
  6317 | D:5      | Bought a golden potion for 27 gold pieces
  6317 | D:5      | Bought a brown potion for 27 gold pieces
  6317 | D:5      | Bought an emerald potion for 27 gold pieces
  6325 | D:5      | Found Noefiwach's Jewellery Shoppe.
  6343 | D:5      | Reached skill level 5 in Dodging
  6343 | D:5      | Reached skill level 1 in Conjurations
  6730 | D:6      | Reached skill level 7 in Ice Magic
  6880 | D:6      | Reached XP level 8. HP: 60/60 MP: 2/13
  7121 | D:6      | Found a shadowy altar of Dithmenos.
  7143 | D:6      | Killed from afar by an orc wizard

Illustrated notes

Levels and vault maps discovered:
D:1:      wander_arrival_peaceful_grave, layout_basic, basic_ecumenical_altar,
          lexackson_kobold_supper
D:2:      layout_loops_ring, basic_altar, minmay_misc_feat_iff
D:3:      layout_loops_ring, grunt_gozag_breadcrumbs,
          cheibrodos_ashenzari_chains, portal_sewer_entry_e,
          hangedman_decor_growths, minmay_misc_feat_diagonals
D:4:      layout_loops_ring, fedhas_altar_3, cheibrodos_gnoll_hut
D:5:      layout_loops_ring, yredelemnul_altar_generic,
          mainiacjoe_overflow_concentric_impassable,
          minmay_temple_entry_butterflies, serial_shops, shop,
          nicolae_shop_hallway_stairs, nicolae_shop_hallway_plus,
          minmay_misc_feat_plants, corexii_hall_statues_t,
          kennysheep_generic_room_13, uniq_grinder
D:6:      layout_cave_pools, lemuel_round_altar, centaur_isle
Temple:   regret_index_temple_generic_petals

Skill      XL: |  1  2  3  4  5  6  7 |
---------------+----------------------+-----
Dodging        | 3 4 5 |  5.4
Fighting       | 1 2 3 |  3.8
Ice Magic      | 5 6 7 |  7.3
Stealth        | 3 4 |  4.0
Spellcasting   | 3 |  3.8
Conjurations   | 1 |  1.5

Action                   |  1- 3 |  4- 6 |  7- 9 || total
-------------------------+-------+-------+-------++-------
Melee: Unarmed           |    34 |     9 |    75 ||   118
       Punch             |     1 |       |     2 ||     3
 Cast: Freeze            |    68 |    41 |    37 ||   146
       Frozen Ramparts   |     1 |     8 |     9 ||    18
 Stab: Sleeping          |     3 |     1 |       ||     4
Armor: Robe              |    21 |     6 |    45 ||    72
Dodge: Dodged            |    70 |    41 |   121 ||   232
